AoeStats
← 鄙人張麻子

QS Arena

503323189Analyzed
4v4 RM · 1mo ago on Aug 31, 2026· 34m 34s· 8 players
Game mode
Random Map
Map size
Large (8 player)
Population
200
Speed
Normal
Resources
Standard
Victory
Conquest
Starting age
Dark Age
Ending age
Imperial Age
RankedLock teamsTeams togetherTeam positionsShared explorationLock speedFull tech treeHidden civsTurbo modeCheats
Victory
Defeat
🇹🇼 Hindustanis · Taiwan
1219
+13
🇨🇳 Khmer · China
1187
+14
🇻🇳 Malians · Vietnam
1181
+15
🇻🇳 Inca · Vietnam
1156
+16
🇨🇴 Britons · Colombia
1194
-16
🇧🇷 Japanese · Brazil
1171
-15
🇦🇷 Spanish · Argentina
1155
-15
🇨🇦 Burgundians · Canada
1076
-11
我的农田我的矿
8:58 Feudal Age
11:46 Castle Age
10:15 Double-Bit Axe
10:13 Horse Collar
14:19 Heavy Plow
21:09 Bow Saw
26:26 Imperial Age
24:14 Loom
24:39 Stone Mining
25:40 Bloodlines
25:31 Husbandry
25:39 Scale Barding Armor
25:43 Light Cavalry
26:46 Chain Barding Armor
26:37 Forging
27:08 Wheelbarrow
27:14 Wheelbarrow
26:26 Town Watch
27:24 Ballistics
28:06 Plate Barding Armor
28:08 Iron Casting
28:38 Chemistry
27:53 Gold Mining
27:53 Hussar
30:30 Blast Furnace
29:11 Elite Battle Elephant
30:18 Conscription
30:20 Tusk Swords
31:25 Fletching
32:58 Coinage
33:36 Gold Shaft Mining
33:40 Stone Shaft Mining
33:28 Capped Ram
35:09 Banking
鄙人張麻子
8:28 Feudal Age
12:08 Castle Age
10:10 Horse Collar
10:29 Double-Bit Axe
13:04 Bow Saw
12:59 Heavy Plow
18:07 Wheelbarrow
21:00 Hand Cart
24:32 Imperial Age
22:14 Loom
22:24 Gold Mining
22:52 Scale Barding Armor
23:40 Stone Mining
24:28 Bloodlines
24:20 Husbandry
24:43 Chain Barding Armor
25:22 Forging
26:23 Chemistry
25:52 Heavy Camel Rider
27:51 Iron Casting
27:56 Siege Engineers
28:47 Plate Barding Armor
30:10 Conscription
31:05 Blast Furnace
31:24 Caravan
31:55 Coinage
30:50 Imperial Camel Rider
31:38 Padded Archer Armor
33:18 Two-Man Saw
32:33 Shatagni
33:24 Thumb Ring
33:25 Siege Elephant
33:56 Light Cavalry
phaple295
1:26 Loom
9:18 Feudal Age
14:25 Castle Age
12:42 Double-Bit Axe
12:52 Horse Collar
13:51 Gold Mining
13:54 Stone Mining
15:28 Wheelbarrow
16:53 Hand Cart
Chú Năm
7:55 Feudal Age
11:54 Castle Age
10:57 Loom
13:10 Double-Bit Axe
24:12 Imperial Age
21:34 Horse Collar
22:12 Gold Mining
23:35 Wheelbarrow
23:17 Scale Mail Armor
25:03 Squires
25:20 Bow Saw
29:16 Forging
29:45 Hand Cart
31:17 Pikeman
32:42 Iron Casting
32:37 Conscription
33:06 Chain Mail Armor
35:09 Hoardings
FlyingZipper
4:18 Double-Bit Axe
9:01 Feudal Age
12:47 Castle Age
11:34 Bow Saw
22:35 Horse Collar
24:43 Two-Man Saw
27:37 Imperial Age
24:32 Cavalier
25:47 Gold Mining
26:46 Forging
26:47 Husbandry
27:21 Scale Barding Armor
26:45 Light Cavalry
29:00 Wheelbarrow
29:07 Iron Casting
28:53 Chain Barding Armor
28:43 Paladin
29:38 Heavy Plow
30:09 Hand Cart
29:28 Hussar
Gokhy
8:56 Feudal Age
12:57 Castle Age
10:55 Double-Bit Axe
11:18 Horse Collar
17:24 Bow Saw
17:17 Heavy Plow
19:13 Wheelbarrow
18:24 Loom
20:05 Fletching
22:33 Hand Cart
28:33 Imperial Age
26:18 Padded Archer Armor
27:36 Bodkin Arrow
27:56 Leather Archer Armor
30:02 Bracer
30:32 Ring Archer Armor
33:53 Ballistics
33:14 Treadmill Crane
33:44 Masonry
Bile
9:42 Feudal Age
13:37 Castle Age
11:26 Double-Bit Axe
11:23 Horse Collar
13:43 Loom
14:59 Bow Saw
14:50 Heavy Plow
17:10 Gold Mining
20:57 Town Watch
22:27 Wheelbarrow
24:05 Hand Cart
23:50 Town Patrol
24:24 Gold Mining
24:26 Stone Mining
28:30 Imperial Age
26:05 Scale Mail Armor
26:15 Forging
26:44 Forging
26:20 Pikeman
26:46 Gambesons
27:01 Squires
27:54 Chain Mail Armor
29:49 Plate Mail Armor
29:54 Iron Casting
29:17 Halberdier
30:15 Halberdier
30:51 Arson
31:45 Ballistics
32:26 Chemistry
31:19 Guard Tower
32:22 Gold Shaft Mining
32:19 Conscription
33:53 Blast Furnace
34:19 Two-Man Saw
34:00 Fletching
34:14 Yasama
34:26 Arrowslits
35:16 Keep
DSKO | CACOAMOROSO
8:12 Feudal Age
9:56 Loom
13:18 Castle Age
12:25 Double-Bit Axe
12:26 Horse Collar
21:54 Padded Archer Armor
24:50 Gold Mining
26:44 Heavy Plow
27:25 Wheelbarrow
27:58 Pikeman
Connection lost

Rejoining the realm…

Still unreachable

The connection could not be restored.

Session expired

The server has moved on; the page needs a fresh start.